 Dungeon Crawl Stone Soup version 0.27.0-1-g7a089689b8 (webtiles) character file.

Game seed: 1956669939635003420

112 Alakanar the Magician (level 5, -5/35 HPs)
             Began as a Djinni Hedge Wizard on Aug 4, 2021.
             Was an Initiate of Gozag.
             Killed from afar by Ijyb (7 damage)
             ... with an iceblast
             ... on level 2 of the Dungeon.
             The game lasted 00:11:50 (3176 turns).

Alakanar the Magician (Djinni Hedge Wizard)         Turns: 3176, Time: 00:11:51

Health: -5/35      AC:  2    Str:  9    XL:     5   Next: 16%
Gold:   176        EV: 12    Int: 17    God:    Gozag SH:  0 Dex: 12

rFire    + + .     SeeInvis .   a - +0 dagger
rCold    x . .     Faith    .   (no shield)
rNeg     . . .     Spirit   .   b - +0 robe
rPois    ∞         Reflect  .   c - +0 hat
rElec    .         Harm     .   (no cloak)
rCorr    .         Rampage  .   (no gloves)
Will     .....                  (boots unavailable)
Stlth    ++........             (no amulet)
HPRegen  0.11/turn              (no ring)
MPRegen  0.00/turn              (no ring)

@: flying
A: sickness immunity, fire resistance 2, cold vulnerability 1, float, innate
caster, hp casting, extra vitality 1
a: Renounce Religion, Potion Petition, Call Merchant, Bribe Branch


You were on level 2 of the Dungeon.
You worshipped Gozag.
Gozag was aware of your devotion.
You visited 1 branch of the dungeon, and saw 3 of its levels.

You collected 176 gold pieces.

Inventory:

Hand Weapons
 a - a +0 dagger (weapon)
Missiles
 e - 102 stones
Armour
 b - a +0 robe (worn)
 c - a +0 hat (worn)
 j - a +1 ring mail of willpower
Scrolls
 d - 2 scrolls of fear {unknown}
Potions
 f - a potion of resistance {unknown}
 g - 3 potions of degeneration {unknown}
 h - a potion of curing {unknown}
 i - a potion of experience {unknown}
 k - a potion of haste {unknown}


   Skills:
 * Level 1.5 Short Blades
 + Level 2.4 Dodging
 - Level 1.5 Stealth
 + Level 3.8 Spellcasting


You couldn't memorise any spells.
You knew the following spells:

 Your Spells              Type           Power      Damage    Failure   Level
a - Magic Dart            Conj           64%        1d6       3%          1
b - Blink                 Tloc           N/A        N/A       4%          2
c - Call Imp              Summ           16%        N/A       4%          2
d - Slow                  Hex            16%        N/A       4%          2
e - Conjure Flame         Conj/Fire      16%        6-21      10%         3
f - Mephitic Cloud        Conj/Pois/Air  16%        N/A       10%         3
g - Apportation           Tloc           32%        N/A       3%          1
h - Static Discharge      Conj/Air       16%        N/A       4%          2
Your spell library was empty.

Dungeon Overview and Level Annotations

Branches:
Dungeon (3/15)

Altars:
Gozag
Qazlal

Shops:
D:2 (

Annotations:
D:2 Ijyb


Innate Abilities, Weirdness & Mutations

You are immune to sickness and miasma.
You are immune to poison.
Your flesh is very heat resistant. (rF++)
You are vulnerable to cold. (rC-)
You float through the air rather than walking.
You learn spells naturally, not from books.
Your magical power is your life essence.
You have superior vitality. (+4 HP)


Message History

Casting: Slow (safe; 4% risk of failure)
Confirm with . or Enter, or press ? or * to list all spells.
A beastly little devil appears in a puff of frigid air.
Casting: Call Imp (safe; 4% risk of failure)
Confirm with . or Enter, or press ? or * to list all spells.
A beastly little devil appears in a puff of flame.
Ijyb hits you with a +0 club!
* * * LOW HITPOINT WARNING * * *
Casting: Call Imp (safe; 4% risk of failure)
Confirm with . or Enter, or press ? or * to list all spells.
You blink.
* * * LOW HITPOINT WARNING * * *
Ijyb misses you.
Casting: Blink (safe; 4% risk of failure)
Confirm with . or Enter, or press ? or * to list all spells.
You blink.
* * * LOW HITPOINT WARNING * * *
Your white imp closely misses Ijyb.
Your crimson imp hits Ijyb but does no damage.
Casting: Blink (safe; 4% risk of failure)
Confirm with . or Enter, or press ? or * to list all spells.
You blink.
* * * LOW HITPOINT WARNING * * *
Your white imp closely misses Ijyb.
Casting: Blink (safe; 4% risk of failure)
Confirm with . or Enter, or press ? or * to list all spells.
You blink.
* * * LOW HITPOINT WARNING * * *
Your white imp hits Ijyb but does no damage.
Casting: Blink (safe; 4% risk of failure)
Confirm with . or Enter, or press ? or * to list all spells.
You don't have enough health to cast this spell.
Your white imp hits Ijyb but does no damage.
Your white imp gestures at Ijyb.
The puff of frost hits Ijyb!
Ijyb screams, "Get away!"
Ijyb zaps a wand.
The mass of ice explodes!
The iceblast engulfs you!
You feel a painful chill!
You die...
Your body crumbles into a pile of gold.

...##......# #....# #.#
...##......###########.#
...##......#...........# ####
.)................>##### #...
.####.######....5#.# #.## ....#.#
#####5#.# #.## .##.#.# #g#.# #.##
.##.#.# #.#.# ###.## .##.#.#
#@#.# #...#. .##.#.#
#.#.#########.###.
.##.#.##########.#...........# #.
.##......#.......################
.........#....####...............
.###.....#(...## #.##############
......######...# #.##.......#<...
..##### ###.# #.##.####.#.....
..# ##########.# #...........#...


You could see Ijyb (ally target), a friendly crimson imp (summoned) and a
friendly white imp (summoned).

Vanquished Creatures
  An ogre (D:2)
  An adder (D:2)
  A worm (D:2)
  A dart slug (D:1)
  3 endoplasms (D:1)
  A giant cockroach (D:2)
  4 goblins
  3 hobgoblins
  5 jackals (D:2)
  2 ball pythons
  A kobold (D:1)
  A rat (D:1)
24 creatures vanquished.

Vanquished Creatures (collateral kills)
  A ball python (D:2)
  A hobgoblin (D:2)
  A kobold (D:2)
3 creatures vanquished.

Grand Total: 27 creatures vanquished

Notes
Turn   | Place    | Note
-------+----------+-------------------------------------------
     0 | D:1      | Alakanar the Djinni Hedge Wizard began the quest for the
                  | Orb.
     0 | D:1      | Reached XP level 1. HP: 15/15 MP: 0/0
   553 | D:1      | Reached XP level 2. HP: 16/21 MP: 0/0
   794 | D:1      | Noticed a great orb of eyes
   805 | D:1      | Found a faded altar of an unknown god.
   808 | D:1      | Noticed an eye of devastation
   808 | D:1      | Noticed a shining eye
   808 | D:1      | Noticed a great orb of eyes
   848 | D:1      | Became a worshipper of Gozag Ym Sagoz the Greedy
  1412 | D:2      | Reached skill level 3 in Spellcasting
  1412 | D:2      | Reached XP level 3. HP: 10/25 MP: 0/0
  1412 | D:2      | Learned a level 1 spell: Apportation
  1603 | D:2      | Found a stormy altar of Qazlal.
  1871 | D:2      | Noticed an ogre
  1875 | D:2      | Found Joesefuedd's Weapon Shoppe.
  1895 | D:2      | Killed an ogre
  1896 | D:2      | Reached skill level 1 in Short Blades
  1896 | D:2      | Reached XP level 4. HP: 3/31 MP: 0/0
  2222 | D:2      | Reached XP level 5. HP: 22/35 MP: 0/0
  2222 | D:2      | Learned a level 2 spell: Static Discharge
  3157 | D:3      | Noticed Ijyb
  3176 | D:2      | Killed from afar by Ijyb

Illustrated notes

Levels and vault maps discovered:
D:1:      dpeg_arrival_simpleton_a, layout_basic,
          hellmonk_ecumenical_altar_watching_god
D:2:      layout_basic, serial_shops, shop, basic_altar,
          chequers_serial_rivers_micro_a
D:3:      layout_basic, serial_shops, nicolae_shop_trees, uniq_grinder,
          uniq_ijyb, uniq_jessica

Skill      XL: |  1  2  3 |
---------------+----------+-----
Spellcasting   | 3 |  3.8
Short Blades   | 1 |  1.5
Dodging        | |  2.4
Stealth        | |  1.5

Action                   |  1- 3 |  4- 6 || total
-------------------------+-------+-------++-------
Melee: Dagger            |       |     1 ||     1
 Cast: Magic Dart        |    51 |    19 ||    70
       Blink             |     6 |     5 ||    11
       Call Imp          |     2 |     8 ||    10
       Slow              |     1 |     1 ||     2
       Static Discharge  |       |     2 ||     2
Armor: Robe              |     1 |       ||     1
Dodge: Dodged            |     3 |     1 ||     4
